 Dungeon Crawl Stone Soup version 0.20.0-8-g6b59dc7 (webtiles) character file.

165 asthiss the Covered (level 5, 0/46 HPs)
             Began as a Minotaur Fighter on May 31, 2017.
             Slain by Sigmund
             ... wielding a +2 scythe of protection
              (4 damage)
             ... on level 3 of the Dungeon.
             The game lasted 00:08:56 (1690 turns).

asthiss the Covered (Minotaur Fighter)              Turns: 1690, Time: 00:08:57

Health: 0/46       AC:  8    Str: 20 (22) XL:     5   Next: 22%
Magic:  4/4        EV:  7    Int:  4 (5)  God:
Gold:   113        SH:  9    Dex:  6 (9)  Spells: 4/4 levels left

rFire    . . .     SeeInvis .   a - +1 long sword
rCold    . . .     Gourm    .   c - +0 shield
rNeg     . . .     Faith    .   b - +1 scale mail
rPois    .         Spirit   .   (helmet restricted)
rElec    .         Reflect  .   (no cloak)
rCorr    .         Harm     .   (no gloves)
MR       .....                  (no boots)
Stlth    ..........             (no amulet)
Regen    0.2/turn               (no ring)
MPRegen  0.1/turn               (no ring)

@: lethally poisoned (0 -> -1)
A: retaliatory headbutt, horns 2
a: no special abilities


You were on level 3 of the Dungeon.
You were not hungry.

You visited 1 branch of the dungeon, and saw 3 of its levels.

You collected 113 gold pieces.

Inventory:

Hand Weapons
 a - a +1 long sword (weapon)
Armour
 b - a +1 scale mail (worn)
 c - a +0 shield (worn)
 o - a +2 buckler
Jewellery
 h - an uncursed ring of wizardry
Wands
 k - a wand of polymorph (7/24)
Scrolls
 e - a scroll of amnesia
 i - a scroll of fear
 j - 2 scrolls of identify
 l - 2 scrolls of enchant armour
 n - a scroll of remove curse
Potions
 d - a potion of might
Comestibles
 f - a bread ration
 g - 4 meat rations


   Skills:
 + Level 4.2 Fighting
 + Level 3.3 Long Blades
 * Level 1.3 Throwing
 + Level 5.0 Armour
 + Level 0.9 Dodging
 + Level 4.7 Shields


You had 4 spell levels left.
You didn't know any spells.

Dungeon Overview and Level Annotations

Branches:
Dungeon (3/15)

Altars:

Annotations:
D:3 Sigmund


Innate Abilities, Weirdness & Mutations

You reflexively headbutt those who attack you in melee.
You have a pair of horns on your head.


Message History

You hear some strange, mumbled words.
A magic dart appears from out of thin air!
The magic dart hits you! You block the orc wizard's attack.
Something hits you but does no damage.
Your shield and scale mail prevent you from hitting something.
The orc wizard hits you but does no damage.
The orc wizard completely misses you.
You riposte.
You hit the orc wizard.
The orc wizard is severely wounded.
You closely miss something. Your headbutt misses something.
You feel sick. Something hits you.
The orc wizard hits you but does no damage.
Something hits you.
* * * LOW HITPOINT WARNING * * *
The orc wizard gestures at you while chanting.
You block the puff of flame. The orc wizard casts a spell at you.
The puff of frost hits you!
* * * LOW HITPOINT WARNING * * *
Something hits you.
You die...

..# ###.... #.
.##.#.... #. .......
#. #.#(### #. #.....
.## ###
#.####.#.###.....
...#........(.o.o..(
##.##..))oo{##.#...<
#.......#.#@# .. .
#.........#.# ...
#........##.## S..
#.>.................
##.................#
#.###..#.#.##.#.#.
##)###..#.#.# .# #
#.......#.#.. #
#............


You could see an orc wizard and an orc.

Vanquished Creatures
  Jessica (D:2)
  Robin (D:2)
  5 adders
  2 oozes (D:2)
  3 dart slugs
  3 worms (D:3)
  3 orcs (D:3)
  2 giant cockroaches
  7 hobgoblins
  2 jackals (D:1)
  A quokka (D:3)
  2 ball pythons (D:3)
  2 bats
  3 frilled lizards
  17 goblins
  A kobold (D:1)
  7 rats
62 creatures vanquished.

Notes
Turn   | Place    | Note
-------+----------+-------------------------------------------
     0 | D:1      | asthiss the Minotaur Fighter began the quest for the Orb.
     0 | D:1      | Reached XP level 1. HP: 19/19 MP: 0/0
   251 | D:1      | Reached XP level 2. HP: 22/27 MP: 1/1
   709 | D:2      | Reached skill level 4 in Armour
   754 | D:2      | Noticed Jessica
   763 | D:2      | Killed Jessica
   763 | D:2      | Reached XP level 3. HP: 21/33 MP: 2/2
   785 | D:2      | Found a faded altar of an unknown god.
  1038 | D:2      | Reached XP level 4. HP: 40/40 MP: 3/3
  1073 | D:2      | Noticed Robin
  1076 | D:2      | Killed Robin
  1403 | D:3      | Reached skill level 5 in Armour
  1452 | D:3      | Reached skill level 1 in Throwing
  1467 | D:3      | Reached XP level 5. HP: 34/46 MP: 4/4
  1656 | D:3      | Noticed Sigmund
  1690 | D:3      | Slain by Sigmund

Skill      XL: |  1  2  3  4 |
---------------+-------------+-----
Armour         | 4 5 |  5.0
Shields        | 4 |  4.7
Fighting       | 4 |  4.2
Long Blades    | 3 |  3.3
Throwing       | 1 |  1.3
Dodging        | |  0.9

Action                   |  1- 3 |  4- 6 || total
-------------------------+-------+-------++-------
Melee: Long sword        |    50 |    49 ||    99
       Headbutt          |     7 |     3 ||    10
Throw: Javelin           |       |    47 ||    47
  Use: Scroll            |     8 |     1 ||     9
       Potion            |     5 |     1 ||     6
  Eat: Bread ration      |       |     1 ||     1
Armor: Scale mail        |    33 |    49 ||    82
Dodge: Dodged            |    13 |    17 ||    30
Block: Shield            |    21 |    41 ||    62
       Rpst.: Long sword |     4 |     4 ||     8
